 Dungeon Crawl Stone Soup version 0.31-a0-152-g6aa68a64a1 (webtiles) character file.

Game seed: 10255642270297025935

1206 qw the Skirmisher (level 8, -5/74 HPs)
             Began as a Naga Hunter on June 11, 2023.
             Was an Initiate of Okawaru.
             Constricted to death by Maggie (7 damage)
             ... on level 7 of the Dungeon.
             The game lasted 00:01:47 (4893 turns).

qw the Skirmisher (Naga Hunter)                     Turns: 4893, Time: 00:01:48

Health: -5/74      AC:  8    Str: 13    XL:     8   Next: 45%
Magic:  7/9        EV: 10    Int: 10    God:    Okawaru [......]
Gold:   322        SH:  0    Dex: 17    Spells: 7/7 levels left

rFire   . . .        b - +0 shortbow (heavy)
rCold   . . .        (shield currently unavailable)
rNeg    . . .        j - +2 robe
rPois   +            a - +0 helmet
rElec   .            (no cloak)
rCorr   .            d - +0 pair of gloves
SInv    +            (no barding)
Will    +....        (no amulet)
Stlth   +++          (no ring)
HPRegen 0.32/turn    (no ring)
MPRegen 0.11/turn

%: no passive effects
@: short of breath, heroic, grasped by roots, mesmerised, constricted, very slow
A: AC +2, large, see invisible, deformed body, poison resistance, slowness 2,
spit poison 1, naga tail 1
a: Spit Poison, Renounce Religion


You were on level 7 of the Dungeon.
You worshipped Okawaru.
Okawaru was noncommittal.
You visited 1 branch of the dungeon, and saw 7 of its levels.

You collected 407 gold pieces.
You spent 85 gold pieces at shops.


Innate Abilities, Weirdness & Mutations

Your serpentine skin is tough. (AC +2)
You have supernaturally acute eyesight. (SInv)
Armour fits poorly on your strangely shaped body.
Your system is resistant to poisons. (rPois)
You cover ground very slowly.
You can spit poison.
You have a snake-like lower body.


   Skills:
 - Level 5.1(10.1) Fighting
 + Level 8.4(13.4) Ranged Weapons
 - Level 2.0(7.0) Dodging
 - Level 1.5(6.5) Stealth
 - Level 2.0 Invocations


You had 7 spell levels left.
You didn't know any spells.
Your spell library was empty.

Inventory:

Hand Weapons
 b - a +0 heavy shortbow (weapon)
Armour
 a - a +0 helmet (worn)
 d - a +0 pair of gloves (worn)
 j - a +2 robe (worn)
Scrolls
 m - a scroll of identify
Potions
 e - a potion of mutation
 i - 3 potions of curing
 k - a potion of brilliance {unknown}
 l - 2 potions of haste {unknown}
 n - 2 potions of cancellation

Dungeon Overview and Level Annotations

Branches:
Dungeon (7/15)
 Temple: D:4-7

Altars:
Cheibriados
Makhleb
Nemelex Xobeh
Okawaru
Qazlal
Uskayaw
The Shining One

Shops:
D:1 ?   D:3 [

Annotations:
D:7 exclusions: 2 kobolds and kobold brigand, Maggie


Message History

The arrow hits Maggie but does no damage.
Maggie is heavily wounded.
Maggie casts a spell at you. The bolt of fire hits you!!
You shoot an arrow. The arrow hits Maggie.
Maggie is heavily wounded.
You shoot an arrow. The arrow hits Maggie!
Maggie is severely wounded.
Maggie hits you with a +2 broad axe of flaming!
Maggie burns you.
4889 ||| INVOKING Heroism.
You gain the combat prowess of a mighty hero.
You can no longer gain great but temporary skills.
You have got your breath back.
Maggie hits you with a +2 broad axe of flaming!
Maggie burns you.
4890 ||| INVOKING Spit Poison.
Aiming: Spit Poison (1% risk of failure)
Press: ? - help, Shift-Dir - straight line, f/p - Maggie The splash of poison hits Maggie but does no damage.
Maggie is poisoned.
Maggie is severely wounded.
Maggie zaps a wand.
The roots erupt in riotous growth!
The grasping roots grab you!
The shadow imp is unaffected.
Maggie is unaffected.
The grasping roots constrict you. The shadow imp completely misses you.
You shoot an arrow.
The arrow hits Maggie but does no damage.
Maggie is severely wounded.
Maggie hits you with a +2 broad axe of flaming!
Maggie burns you. The grasping roots constrict you. The shadow imp hits you.
You shoot an arrow. The arrow hits Maggie!
Maggie is almost dead.
Maggie hits you but does no damage. The grasping roots constrict you.
The shadow imp hits you but does no damage.
You shoot an arrow. The arrow barely misses Maggie.
Maggie casts a spell.
Maggie draws you further into her thrall.
The grasping roots constrict you!
You die...

#.....#..###.##
#.........# .#
#.....###...
#######
##..#### #.##..
#.##.#
#..#.####
#####......#
.?....@@.#.#
......5..#.#
.........#..
.........##..
.........# ###
.........#
#######... ####


You could see Maggie (mesmerising, poisoned) and a shadow imp.

Vanquished Creatures
  A water moccasin (D:7)
  A black bear (D:5)
  2 ice beasts
  An ogre (D:7)
  A bullfrog (D:7)
  A scorpion (D:5)
  2 hounds
  3 orc priests
  2 sleepcaps
  Natasha (D:2)
  4 iguanas
  3 orc wizards
  4 gnolls (D:4)
  7 adders
  A white imp (D:6)
  3 dart slugs
  16 orcs
  8 ball pythons
  10 bats
  4 endoplasms (D:1)
  4 giant cockroaches
  2 goblins (D:3)
  3 hobgoblins
  5 quokkas
  9 frilled lizards
  10 kobolds
  2 rats
110 creatures vanquished.

Notes
Turn   | Place    | Note
-------+----------+-------------------------------------------
     0 | D:1      | qw the Naga Hunter began the quest for the Orb.
     0 | D:1      | Reached XP level 1. HP: 19/19 MP: 1/1
     0 | D:1      | 0 ||| qw: Version: 0.2-a-29-gd901d54
     0 | D:1      | 0 ||| qw: Game counter: 4022
     0 | D:1      | 0 ||| qw: Always use a shield: true
     0 | D:1      | 0 ||| qw: God list: Okawaru
     0 | D:1      | 0 ||| qw: Allow faded altars: false
     0 | D:1      | 0 ||| qw: Do Orc after D:15 true
     0 | D:1      | 0 ||| qw: Do second Lair branch before Depths: true
     0 | D:1      | 0 ||| qw: Lair rune preference: random
     0 | D:1      | 0 ||| qw: Plans: Normal
     0 | D:1      | 0 ||| PLANNING D:1-11
   101 | D:1      | Found Taczad's Magic Scroll Boutique.
   110 | D:1      | 110 ||| SHOPLISTING scroll of identify (24 gold, have 0).
   110 | D:1      | 110 ||| SHOPLISTING scroll of teleportation (36 gold, have
                  | 0).
   150 | D:1      | 150 ||| INVOKING Spit Poison.
   151 | D:1      | 151 ||| INVOKING Spit Poison.
   192 | D:1      | 192 ||| INVOKING Spit Poison.
   197 | D:1      | 197 ||| INVOKING Spit Poison.
   198 | D:1      | Reached skill level 4 in Ranged Weapons
   198 | D:1      | Reached XP level 2. HP: 26/26 MP: 2/2
   209 | D:1      | 209 ||| INVOKING Spit Poison.
   212 | D:1      | 212 ||| INVOKING Spit Poison.
   216 | D:1      | 216 ||| INVOKING Spit Poison.
   255 | D:1      | 255 ||| INVOKING Spit Poison.
   307 | D:1      | 307 ||| INVOKING Spit Poison.
   311 | D:1      | 311 ||| Stepping ~*~*~tactically~*~*~ (outnumbered).
   314 | D:1      | 314 ||| INVOKING Spit Poison.
   345 | D:1      | 345 ||| INVOKING Spit Poison.
   346 | D:1      | 346 ||| INVOKING Spit Poison.
   442 | D:1      | Reached XP level 3. HP: 32/32 MP: 3/3
   540 | D:1      | 540 ||| UPGRADING to +0 pair of gloves.
   545 | D:1      | 545 ||| READING scroll labelled HUERIM ITINLEJURI.
   546 | D:1      | 546 ||| READING 2 scrolls labelled DUIRHI MUFI.
   551 | D:1      | 551 ||| READING scroll labelled UXOPPE FEWO.
   552 | D:1      | 552 ||| DROPPING scroll of butterflies.
   586 | D:2      | 586 ||| INVOKING Spit Poison.
   590 | D:2      | 590 ||| STAIRDANCE
   592 | D:1      | 592 ||| INVOKING Spit Poison.
   595 | D:1      | 595 ||| INVOKING Spit Poison.
   599 | D:1      | 599 ||| INVOKING Spit Poison.
   717 | D:2      | 717 ||| INVOKING Spit Poison.
   820 | D:2      | 820 ||| INVOKING Spit Poison.
   828 | D:2      | 828 ||| INVOKING Spit Poison.
   841 | D:2      | 841 ||| INVOKING Spit Poison.
   853 | D:2      | 853 ||| INVOKING Spit Poison.
   858 | D:2      | 858 ||| INVOKING Spit Poison.
   869 | D:2      | 869 ||| INVOKING Spit Poison.
   905 | D:2      | 905 ||| INVOKING Spit Poison.
   911 | D:2      | 911 ||| INVOKING Spit Poison.
   941 | D:2      | 941 ||| INVOKING Spit Poison.
   949 | D:2      | Noticed Natasha
   950 | D:2      | 950 ||| INVOKING Spit Poison.
   952 | D:2      | Killed Natasha
   953 | D:2      | Reached skill level 5 in Ranged Weapons
   953 | D:2      | Reached XP level 4. HP: 39/39 MP: 4/4
   977 | D:2      | Found a snail-covered altar of Cheibriados.
   979 | D:2      | 979 ||| INVOKING Spit Poison.
  1006 | D:2      | 1006 ||| INVOKING Spit Poison.
  1029 | D:2      | 1029 ||| READING scroll labelled EFFIT RETUSMIR.
  1030 | D:2      | 1030 ||| READING 3 scrolls labelled PUJYMI HEFOXT.
  1031 | D:2      | 1031 ||| READING 2 scrolls of brand weapon.
  1031 | D:2      | 1031 ||| BRANDING +0 shortbow of draining.
  1032 | D:2      | 1032 ||| READING scroll of brand weapon.
  1032 | D:2      | 1032 ||| BRANDING +0 shortbow of flaming.
  1055 | D:3      | 1055 ||| INVOKING Spit Poison.
  1061 | D:3      | Identified the +6 whip "Killer Bee's Bane" {pain, *Noise
                  | rPois Will+++ Stlth-}
  1067 | D:3      | 1067 ||| INVOKING Spit Poison.
  1113 | D:3      | 1113 ||| INVOKING Spit Poison.
  1114 | D:3      | 1114 ||| INVOKING Spit Poison.
  1200 | D:3      | 1200 ||| INVOKING Spit Poison.
  1205 | D:3      | 1205 ||| INVOKING Spit Poison.
  1228 | D:3      | 1228 ||| INVOKING Spit Poison.
  1231 | D:3      | 1231 ||| INVOKING Spit Poison.
  1251 | D:3      | Found Rafirgho's Antique Armour Shop.
  1259 | D:3      | 1259 ||| SHOPLISTING faintly humming ring mail (207 gold,
                  | have 140).
  1259 | D:3      | 1259 ||| SHOPLISTING heavily runed helmet (218 gold, have
                  | 140).
  1259 | D:3      | 1259 ||| BUYING runed robe (85 gold).
  1259 | D:3      | Bought a runed robe for 85 gold pieces
  1266 | D:3      | Found a faded altar of an unknown god.
  1274 | D:3      | 1274 ||| INVOKING Spit Poison.
  1425 | D:3      | 1425 ||| INVOKING Spit Poison.
  1428 | D:3      | 1428 ||| INVOKING Spit Poison.
  1459 | D:3      | 1459 ||| INVOKING Spit Poison.
  1610 | D:3      | Found an iron altar of Okawaru.
  1610 | D:3      | Found a stormy altar of Qazlal.
  1611 | D:3      | 1611 ||| PLANNING OKAWARU WORSHIP
  1611 | D:3      | 1611 ||| UPGRADING to +2 robe.
  1616 | D:3      | 1616 ||| INVOKING Spit Poison.
  1618 | D:3      | 1618 ||| UPGRADING to +0 leather armour.
  1623 | D:3      | 1623 ||| UPGRADING to +2 robe.
  1633 | D:3      | 1633 ||| DROPPING +0 leather armour.
  1634 | D:3      | 1634 ||| READING scroll labelled EMYLIPH ROEK.
  1635 | D:3      | 1635 ||| READING scroll labelled ZOQIACI TYPT.
  1636 | D:3      | 1636 ||| DRINKING 2 sapphire potions.
  1637 | D:3      | Found a sparkling altar of Nemelex Xobeh.
  1644 | D:3      | Became a worshipper of Warmaster Okawaru
  1644 | D:3      | 1644 ||| PLANNING D:1-11
  1746 | D:4      | Reached skill level 3 in Fighting
  1746 | D:4      | Reached XP level 5. HP: 49/49 MP: 5/5
  1755 | D:4      | 1755 ||| Stepping ~*~*~tactically~*~*~ (outnumbered).
  1757 | D:4      | 1757 ||| Stepping ~*~*~tactically~*~*~ (outnumbered).
  1758 | D:4      | 1758 ||| INVOKING Spit Poison.
  1761 | D:4      | 1761 ||| INVOKING Spit Poison.
  1762 | D:4      | 1762 ||| INVOKING Spit Poison.
  1765 | D:4      | 1765 ||| INVOKING Spit Poison.
  1768 | D:4      | 1768 ||| INVOKING Spit Poison.
  1926 | D:4      | 1926 ||| INVOKING Spit Poison.
  1969 | D:4      | 1969 ||| INVOKING Spit Poison.
  2075 | D:4      | 2075 ||| INVOKING Spit Poison.
  2079 | D:4      | 2079 ||| INVOKING Spit Poison.
  2107 | D:4      | 2107 ||| INVOKING Spit Poison.
  2110 | D:4      | 2110 ||| INVOKING Spit Poison.
  2164 | D:4      | 2164 ||| INVOKING Spit Poison.
  2168 | D:4      | 2168 ||| INVOKING Spit Poison.
  2198 | D:4      | 2198 ||| INVOKING Spit Poison.
  2202 | D:4      | 2202 ||| INVOKING Spit Poison.
  2205 | D:4      | Reached XP level 6. HP: 45/56 MP: 6/6
  2205 | D:4      | 2205 ||| INVOKING Spit Poison.
  2208 | D:4      | 2208 ||| INVOKING Spit Poison.
  2211 | D:4      | Reached skill level 6 in Ranged Weapons
  2212 | D:4      | 2212 ||| INVOKING Spit Poison.
  2357 | D:4      | 2357 ||| INVOKING Spit Poison.
  2395 | D:4      | 2395 ||| INVOKING Spit Poison.
  2431 | D:4      | 2431 ||| INVOKING Spit Poison.
  2576 | D:4      | 2576 ||| READING 2 scrolls labelled QYOCKUXEIKK.
  2577 | D:4      | 2577 ||| READING scroll labelled PURIMU WAGA.
  2578 | D:4      | 2578 ||| DRINKING 2 fuming green potions.
  2579 | D:4      | 2579 ||| DROPPING scroll of blinking.
  2604 | D:5      | Entered Level 5 of the Dungeon
  2689 | D:5      | 2689 ||| INVOKING Spit Poison.
  2693 | D:5      | 2693 ||| INVOKING Spit Poison.
  2698 | D:5      | 2698 ||| INVOKING Spit Poison.
  2727 | D:5      | 2727 ||| INVOKING Spit Poison.
  2776 | D:5      | 2776 ||| INVOKING Spit Poison.
  2811 | D:5      | 2811 ||| INVOKING Spit Poison.
  2816 | D:5      | 2816 ||| INVOKING Spit Poison.
  2855 | D:5      | Found a glowing golden altar of the Shining One.
  2935 | D:5      | Noticed a black bear
  2936 | D:5      | 2936 ||| INVOKING Spit Poison.
  2940 | D:5      | 2940 ||| INVOKING Spit Poison.
  2941 | D:5      | Killed a black bear
  2942 | D:5      | Reached XP level 7. HP: 39/64 MP: 7/7
  3038 | D:5      | 3038 ||| INVOKING Spit Poison.
  3040 | D:5      | Reached * piety under Okawaru
  3073 | D:5      | 3073 ||| INVOKING Spit Poison.
  3076 | D:5      | 3076 ||| INVOKING Spit Poison.
  3077 | D:5      | 3077 ||| INVOKING Heroism.
  3080 | D:5      | HP: 16/64 [iguana (1)]
  3081 | D:5      | 3081 ||| READING 2 scrolls of teleportation.
  3082 | D:5      | 3082 ||| INVOKING Spit Poison.
  3083 | D:5      | Reached skill level 7 in Ranged Weapons
  3630 | D:6      | 3630 ||| INVOKING Spit Poison.
  3637 | D:6      | 3637 ||| INVOKING Spit Poison.
  3660 | D:6      | 3660 ||| INVOKING Spit Poison.
  3673 | D:6      | 3673 ||| INVOKING Spit Poison.
  3676 | D:6      | 3676 ||| INVOKING Spit Poison.
  3679 | D:6      | 3679 ||| INVOKING Spit Poison.
  3682 | D:6      | 3682 ||| INVOKING Spit Poison.
  3846 | D:6      | Identified the +5 falchion of Spores {distort, rC+ Int+5}
  4341 | D:6      | 4341 ||| DRINKING 3 glowing dark potions.
  4389 | D:6      | 4389 ||| READING 5 scrolls of identify.
  4389 | D:6      | 4389 ||| IDENTIFYING white potion
  4390 | D:6      | 4390 ||| READING 4 scrolls of identify.
  4390 | D:6      | 4390 ||| IDENTIFYING smoky black potion
  4391 | D:6      | 4391 ||| READING 3 scrolls of identify.
  4391 | D:6      | 4391 ||| IDENTIFYING green potion
  4392 | D:6      | 4392 ||| READING 2 scrolls of identify.
  4392 | D:6      | 4392 ||| IDENTIFYING golden potion
  4393 | D:6      | 4393 ||| DROPPING 2 potions of lignification.
  4394 | D:6      | 4394 ||| DROPPING potion of attraction.
  4395 | D:6      | 4395 ||| DROPPING potion of invisibility.
  4417 | D:7      | 4417 ||| INVOKING Heroism.
  4438 | D:7      | 4438 ||| INVOKING Heroism.
  4439 | D:7      | 4439 ||| INVOKING Spit Poison.
  4443 | D:7      | 4443 ||| INVOKING Spit Poison.
  4471 | D:7      | 4471 ||| INVOKING Spit Poison.
  4476 | D:7      | Reached skill level 8 in Ranged Weapons
  4476 | D:7      | Reached XP level 8. HP: 71/72 MP: 8/8
  4504 | D:7      | 4504 ||| INVOKING Heroism.
  4615 | D:7      | 4615 ||| INVOKING Spit Poison.
  4697 | D:7      | Reached skill level 1 in Invocations
  4697 | D:7      | 4697 ||| INVOKING Spit Poison.
  4705 | D:7      | Found a burning altar of Makhleb.
  4755 | D:7      | Found a hide-covered altar of Uskayaw.
  4780 | D:7      | 4780 ||| INVOKING Spit Poison.
  4783 | D:7      | 4783 ||| INVOKING Spit Poison.
  4788 | D:7      | 4788 ||| INVOKING Heroism.
  4789 | D:7      | 4789 ||| INVOKING Spit Poison.
  4790 | D:7      | 4790 ||| UPGRADING to +0 helmet.
  4794 | D:7      | HP: 18/74 [poisoned by a kobold]
  4795 | D:7      | 4795 ||| READING scroll of teleportation.
  4796 | D:7      | 4796 ||| DRINKING potion of heal wounds.
  4882 | D:7      | Noticed Maggie
  4885 | D:7      | 4885 ||| INVOKING Spit Poison.
  4889 | D:7      | 4889 ||| INVOKING Heroism.
  4890 | D:7      | 4890 ||| INVOKING Spit Poison.
  4891 | D:7      | HP: 12/74 [Maggie/+2 broad axe of flaming (9)]
  4891 | D:7      | HP: 4/74 [shadow imp (5)]
  4893 | D:7      | Constricted to death by Maggie

Levels and vault maps discovered:
D:1:      dpeg_arrival_solitude, layout_loops_cross, serial_shops,
          shop_fountains, minmay_surrounded
D:2:      layout_rooms, basic_altar, uniq_natasha
D:3:      layout_rooms, gammafunk_temple_overflow_claw, serial_shops, shop,
          shapermc_ecumenical_altar_gd
D:4:      layout_loops_cross, kennysheep_another_room
D:5:      layout_gridville, mainiacjoe_overflow_24_doors, serial_bayou_lagoon_a
D:6:      layout_loops_ring
D:7:      layout_basic, grunt_temple_overflow_growth_and_decay,
          makhleb_blood_cavern_becter,
          mainiacjoe_overflow_concentric_impassable,
          mainiacjoe_overflow_alcove_2, minmay_temple_entry_large_hall,
          uniq_maggie

Skill      XL: |  1  2  3  4  5  6  7  8 |
---------------+-------------------------+-----
Ranged Weapons | 4 5 6 8 |  8.4
Fighting       | 3 4 5 |  5.1
Dodging        | 2 |  2.0
Invocations    | 2 |  2.0
Stealth        | |  1.5

Action                     |  1- 3 |  4- 6 |  7- 9 || total
---------------------------+-------+-------+-------++-------
   Fire: Shortbow          |    68 |    86 |    77 ||   231
 Invoke: Heroism           |       |       |     6 ||     6
Ability: Spit Poison       |    25 |    43 |    21 ||    89
    Use: Scroll            |     3 |     8 |     6 ||    17
         Potion            |       |     2 |     2 ||     4
 Armour: Leather armour    |    12 |     1 |       ||    13
         Robe              |       |    18 |    16 ||    34
  Dodge: Dodged            |    13 |    26 |    29 ||    68

Table legend:
 A = Non-vault XP
 B = Vault XP
 C = Vault XP percentage of total XP
 D = Non-vault monster count
 E = Vault monster count
 F = Vault count percentage of total count
                 A         B        C        D         E       F
            +---------+---------+-------+---------+---------+-------
      Total |    1639 |      85 |   4.9 |     103 |       7 |   6.4
            +---------+---------+-------+---------+---------+-------
        D:1 |      40 |       7 |  14.9 |      18 |       5 |  21.7
        D:2 |      35 |      36 |  50.7 |      15 |       1 |   6.2
        D:3 |      34 |       0 |   0.0 |      13 |       0 |   0.0
        D:4 |     218 |       0 |   0.0 |      21 |       0 |   0.0
        D:5 |     426 |       0 |   0.0 |      13 |       0 |   0.0
        D:6 |     283 |       0 |   0.0 |      10 |       0 |   0.0
        D:7 |     603 |      42 |   6.5 |      13 |       1 |   7.1
            +---------+---------+-------+---------+---------+-------
